AoeStats
← Sparten gio

MegaRandom

503593767Analyzed
1v1 RM · 1mo ago on Sep 1, 2026· 26m 20s· 2 players
Game mode
Random Map
Map size
Tiny (2 player)
Population
200
Speed
Normal
Resources
Standard
Victory
Conquest
Starting age
Dark Age
Ending age
Imperial Age
RankedLock teamsTeams togetherTeam positionsShared explorationLock speedFull tech treeHidden civsTurbo modeCheats
Victory
Defeat
🇬🇧 Gurjaras · United Kingdom
907
+17
🇺🇸 Lithuanians · United States
929
-20
burgess6000
2:16 Loom
10:40 Feudal Age
11:33 Double-Bit Axe
14:37 Bloodlines
14:38 Horse Collar
19:26 Fletching
23:25 Castle Age
23:01 Stone Mining
23:28 Forging
27:12 Iron Casting
Sparten gio
10:43 Feudal Age
11:14 Double-Bit Axe
12:18 Horse Collar
16:16 Loom
24:01 Castle Age
25:08 Pikeman
26:49 Squires
Connection lost

Rejoining the realm…

Still unreachable

The connection could not be restored.

Session expired

The server has moved on; the page needs a fresh start.